Map: Bridgehead LE (Void)

Players

wabbajack - Winner!

  • Race: Zerg Zerg
  • League: Gold

VOD

Have the link to the VOD?

Description

Time

  • Played on: July 21, 2015, 12:10 p.m.
  • Length: 5:10
Show
View Real Time Build Order
Export as new Build Order

wabbajack Zerg - Winner!

Build Orders: Hatch First 

Get SALT Encoding   

  12  0:02  Drone  
  12  0:09  Drone  
  12  0:18  Overlord  
  12  0:27  Drone, Extractor  
  12  0:28  Extractor  
  12  0:29  Drone  
  12  0:37  Drone  
  12  0:54  Hatchery  
  12  0:57  Drone  
  12  1:00  Drone  
  12  1:03  Extractor  
  12  1:15  Spawning Pool  
  12  1:18  Drone  
  12  1:21  Drone  
  12  1:28  Drone  
  12  1:42  Drone  
  12  1:50  Overlord  
  12  2:01  Queen  
  12  2:03  Roach Warren  
  12  2:06  Queen  
  12  2:13  Drone x2  
  12  2:16  Drone  
  12  2:20  Drone  
  12  2:23  Drone  
  12  2:30  Metabolic Boost  
  12  2:37  Overlord  
  12  2:42  Overlord  
  12  2:54  Roach  
  12  2:55  Roach x2  
  12  3:17  Roach x4  
  12  3:20  Roach  
  12  3:30  Roach  
  12  3:37  Overlord  
  12  3:52  Zergling x2  
  12  3:53  Zergling x10  
  12  3:57  Overlord  
  12  3:59  Zergling x16  
  12  4:18  Overlord  
  12  4:19  Zergling x2  
  12  4:20  Zergling x10  
  12  4:22  Zergling x2  
Tags
 
Add a new tag
Caveats
  • Supply blocks, unpowered buildings, or Contaminate may cause inaccurate times.
  • Supply counts are checked every 10 seconds.